 Dungeon Crawl Stone Soup version 0.32-a0-42-ga30500b4d3 (webtiles) character file.

Game seed: 14631544855116640411

663 Ceno the Sneak (level 7, -6/55 HPs)
             Began as a Naga Ice Elementalist on Feb 2, 2024.
             Was a Follower of Sif Muna.
             Mangled by Duvessa
             ... wielding a +1 rapier of electrocution
              (8 damage)
             ... on level 6 of the Dungeon.
             The game lasted 00:23:18 (5010 turns).

Ceno the Sneak (Naga Ice Elementalist)              Turns: 5010, Time: 00:23:19

Health: -6/55      AC:  9    Str: 11    XL:     7   Next: 56%
Magic:  12/22      EV:  9    Int: 17    God:    Sif Muna [*.....]
Gold:   335        SH:  0    Dex: 11    Spells: 4/14 levels left

rFire   . . .        w - +2 dagger (speed)
rCold   . . .        (no shield)
rNeg    . . .        g - +1 leather armour
rPois   +            (no helmet)
rElec   .            (no cloak)
rCorr   .            (no gloves)
SInv    +            (no barding)
Will    .....        (no amulet)
Stlth   +++          d - ring of wizardry
HPRegen 0.29/turn    t - ring of magical power
MPRegen 0.18/turn

%: wizardry (x1)
@: ice-armoured, very slow
A: AC +2, large, see invisible, deformed body, poison resistance, slowness 2,
spit poison 1, naga tail 1
a: Spit Poison, Renounce Religion, Channel Magic


You were on level 6 of the Dungeon.
You worshipped Sif Muna.
Sif Muna was aware of your devotion.
You visited 1 branch of the dungeon, and saw 6 of its levels.

You collected 335 gold pieces.

Inventory:

Hand Weapons
 e - a +0 dagger
 w - a +2 dagger of speed (weapon)
 A - a +0 trident
Missiles
 j - 48 stones (quivered)
 s - 2 poisoned darts
Armour
 a - a +0 robe
 f - a +0 ring mail
 g - a +1 leather armour (worn)
Jewellery
 d - a ring of wizardry (left hand)
 t - a ring of magical power (right hand)
 y - a +6 ring of dexterity
Wands
 q - a wand of iceblast (21)
Scrolls
 i - 2 scrolls of noise
 k - a scroll of enchant armour
 l - a scroll of torment {unknown}
 m - a scroll of amnesia
 n - 2 scrolls of immolation {unknown}
 o - a scroll of blinking {unknown}
 p - 3 scrolls of teleportation
 C - a scroll of enchant weapon {unknown}
Potions
 b - 2 potions of magic
 c - a potion of brilliance
 h - 2 potions of enlightenment
 r - a potion of attraction {unknown}
 u - 2 potions of haste
 v - 4 potions of mutation
 z - a potion of heal wounds {unknown}
 B - a potion of might {unknown}
 D - a potion of cancellation {unknown}


   Skills:
 + Level 1.9 Polearms
 - Level 1.5 Dodging
 + Level 6.8 Stealth
 - Level 4.0 Spellcasting
 + Level 0.5 Summonings
 + Level 6.6 Ice Magic


You had 4 spell levels left.
You knew the following spells:

 Your Spells              Type           Power      Damage    Failure   Level
a - Freeze                Ice            100%       1d10      1%          1
b - Frozen Ramparts       Ice            50%        1d8       1%          3
c - Ozocubu's Armour      Ice            25%        N/A       1%          3
d - Summon Ice Beast      Ice/Summ       15%        N/A       6%          3

Your spell library contained the following spells:

 Spells                   Type           Power      Damage    Failure   Level


Dungeon Overview and Level Annotations

Branches:
Dungeon (6/15)
 Temple: D:4-7

Altars:
Qazlal
Sif Muna
Vehumet
Xom
Zin

Shops:
D:5 *

Annotations:
D:6 Duvessa, Eustachio


Innate Abilities, Weirdness & Mutations

Your serpentine skin is tough. (AC +2)
You have supernaturally acute eyesight. (SInv)
Armour fits poorly on your strangely shaped body.
Your system is resistant to poisons. (rPois)
You cover ground very slowly.
You can spit poison.
You have a snake-like lower body.


Message History

Casting: Freeze (safe; 1% risk of failure)
Confirm with . or Enter, or press ? or * to list all spells.
Aiming: Freeze (safe; 1% risk of failure)
Press: ? - help, Shift-Dir - straight line, f/p - Duvessa
Aim: Duvessa, wielding a +1 rapier of electrocution and wearing a +0 scale mail (heavily wounded, berserk)
You freeze Duvessa.
Duvessa is heavily wounded.
The wall freezes Duvessa but does no damage.
Duvessa barely misses you.
The wall freezes Duvessa.
Duvessa closely misses you.
Casting: Freeze (safe; 1% risk of failure)
Confirm with . or Enter, or press ? or * to list all spells.
Aiming: Freeze (safe; 1% risk of failure)
Press: ? - help, Shift-Dir - straight line, f/p - Duvessa
Aim: Duvessa, wielding a +1 rapier of electrocution and wearing a +0 scale mail (heavily wounded, berserk)
You freeze Duvessa.
Duvessa is heavily wounded.
The wall freezes Duvessa.
Duvessa hits you with a +1 rapier of electrocution!
* * * LOW HITPOINT WARNING * * *
Casting: Freeze (safe; 1% risk of failure)
Confirm with . or Enter, or press ? or * to list all spells.
Aiming: Freeze (safe; 1% risk of failure)
Press: ? - help, Shift-Dir - straight line, f/p - Duvessa
Aim: Duvessa, wielding a +1 rapier of electrocution and wearing a +0 scale mail (severely wounded, berserk)
You freeze Duvessa!
Duvessa is severely wounded.
The wall freezes Duvessa but does no damage.
Duvessa closely misses you.
The wall freezes Duvessa.
Duvessa barely misses you.
Casting: Freeze (safe; 1% risk of failure)
Confirm with . or Enter, or press ? or * to list all spells.
Aiming: Freeze (safe; 1% risk of failure)
Press: ? - help, Shift-Dir - straight line, f/p - Duvessa
Aim: Duvessa, wielding a +1 rapier of electrocution and wearing a +0 scale mail (almost dead, berserk)
You freeze Duvessa.
Duvessa is almost dead.
The frozen ramparts melt away.
Duvessa hits you with a +1 rapier of electrocution!
You die...

#.........#.#
.#########'#<#
@............#
########.....#
#.).........#
#.###.###.###
#.# #.....#
#.# #######
#@# #e#
#....e...
.......>.
#.##.#.... #.
.. ... #. .#.
#. #. #.. #.
.#


You could see Duvessa (berserk).

Vanquished Creatures
  2 scorpions (D:4)
  Dowan (D:6)
  2 orc priests
  A bombardier beetle (D:5)
  3 hounds
  A sleepcap (D:5)
  An iguana (D:5)
  2 orc wizards (D:3)
  6 adders
  3 gnolls (D:2)
  2 ufetubi (D:5)
  A ribbon worm (D:2)
  13 orcs
  4 ball pythons
  10 bats
  7 endoplasms
  7 giant cockroaches
  10 goblins
  9 hobgoblins
  A jackal (D:2)
  16 kobolds
  3 quokkas
  3 frilled lizards
  5 rats
113 creatures vanquished.

Notes
Turn   | Place    | Note
-------+----------+-------------------------------------------
     0 | D:1      | Ceno the Naga Ice Elementalist began the quest for the Orb.
     0 | D:1      | Reached XP level 1. HP: 15/15 MP: 3/3
   156 | D:1      | Reached XP level 2. HP: 6/22 MP: 0/5
   594 | D:1      | Reached XP level 3. HP: 26/28 MP: 4/6
   921 | D:1      | Learned a level 3 spell: Frozen Ramparts
   934 | D:2      | Found a faded altar of an unknown god.
  1159 | D:2      | Reached XP level 4. HP: 33/36 MP: 3/7
  1310 | D:2      | Reached skill level 5 in Ice Magic
  1321 | D:2      | Learned a level 3 spell: Ozocubu's Armour
  2459 | D:3      | Reached XP level 5. HP: 42/42 MP: 9/9
  2543 | D:3      | Reached skill level 5 in Stealth
  2626 | D:3      | Found a glowing silver altar of Zin.
  2772 | D:3      | Identified the +6 hand axe of Harmony {freeze, rC+}
  2777 | D:3      | Found a shimmering blue altar of Sif Muna.
  2864 | D:3      | Reached XP level 6. HP: 48/49 MP: 10/10
  2947 | D:3      | Found a radiant altar of Vehumet.
  3092 | D:3      | Became a worshipper of Sif Muna the Loreminder
  3188 | D:4      | Learned a level 3 spell: Summon Ice Beast
  3324 | D:4      | Found a stormy altar of Qazlal.
  3806 | D:4      | Found a shimmering altar of Xom.
  4076 | D:5      | Entered Level 5 of the Dungeon
  4096 | D:5      | Found Runyseib's Neck Hole.
  4100 | D:5      | Reached XP level 7. HP: 55/55 MP: 12/12
  4239 | D:5      | Reached skill level 1 in Polearms
  4796 | D:5      | Reached * piety under Sif Muna
  4941 | D:6      | Noticed Eustachio
  4952 | D:6      | Noticed Duvessa
  4952 | D:6      | Noticed Dowan
  4967 | D:6      | Killed Dowan
  5008 | D:6      | HP: 1/55 [Duvessa/+1 rapier of electrocution (11)]
  5010 | D:6      | Mangled by Duvessa

Illustrated notes

Levels and vault maps discovered:
D:1:      tekkud_arrival_beachfront_property, layout_basic, glass_columns_c
D:2:      kennysheep_six_static_rooms, layout_loops_ring,
          hellmonk_ecumenical_altar_heavens_door,
          minmay_fractal_squares_gapless_5
D:3:      layout_rooms, nicolae_vehumet_radiance,
          mainiacjoe_overflow_small_starburst, marbit_many_paths,
          nicolae_elevator_lobby_asterisk
D:4:      layout_loops_cross, grunt_qazlal_sundering, lemuel_crystal_altar
D:5:      layout_basic, nicolae_shop_sticking_my_neck_out
D:6:      layout_basic, okawaru_metal_pillars_1_2,
          minmay_temple_entry_statues_fountains, uniq_eustachio, uniq_duvessa,
          uniq_edmund

Skill      XL: |  1  2  3  4  5  6  7 |
---------------+----------------------+-----
Stealth        | 4 5 6 |  6.8
Ice Magic      | 5 6 |  6.6
Spellcasting   | 3 4 |  4.0
Polearms       | 1 |  1.9
Dodging        | |  1.5
Summonings     | |  0.5

Action                     |  1- 3 |  4- 6 |  7- 9 || total
---------------------------+-------+-------+-------++-------
  Melee: Dagger            |    41 |    40 |    34 ||   115
         Punch             |       |     1 |       ||     1
  Throw: Stone             |       |     6 |     3 ||     9
   Cast: Freeze            |    35 |    37 |    18 ||    90
         Frozen Ramparts   |     3 |    22 |     9 ||    34
         Ozocubu's Armour  |       |     4 |     3 ||     7
Ability: Spit Poison       |     1 |     9 |     4 ||    14
    Use: Scroll            |     3 |     3 |     2 ||     8
   Stab: Sleeping          |     1 |     6 |     1 ||     8
 Armour: Robe              |     6 |       |       ||     6
         Leather armour    |    29 |    49 |    27 ||   105
  Dodge: Dodged            |    42 |    21 |    22 ||    85

Table legend: (Time is in decaauts)
 A = Elapsed time spent in this place.
 B = Non-inter-level travel time spent in this place.
 C = Inter-level travel time spent in this place.
 D = Time resting spent in this place.
 E = Time spent auto-exploring this place.
 F = Levels seen in this place.
 G = Mean time per level.
                   A        B        C        D        E       F      G
               +--------+--------+--------+--------+--------+-----+--------+
         Total |   6227 |   5994 |    233 |   1197 |   1882 |   6 | 1037.8 |
       Dungeon |   6227 |   5994 |    233 |   1197 |   1882 |   6 | 1037.8 |
               +--------+--------+--------+--------+--------+-----+--------+

Top non-repeatable levels by time:
     D:2: 1749 daAuts
     D:3: 1240 daAuts
     D:1: 1059 daAuts
     D:5: 1036 daAuts
     D:4: 1026 daAuts
     D:6: 116 daAuts
